 Dungeon Crawl Stone Soup version 0.23.2-30-g0e89c35649 (webtiles) character file.

Game seed: 18189826591694384632

79 PentaManta the Skirmisher (level 4, -1/29 HPs)
             Began as a Gargoyle Fighter on June 8, 2019.
             Was an Initiate of Okawaru.
             Slain by a bullfrog (4 damage)
             ... on level 3 of the Dungeon.
             The game lasted 00:03:29 (1399 turns).

PentaManta the Skirmisher (Gargoyle Fighter)        Turns: 1399, Time: 00:03:29

Health: -1/29      AC: 11    Str: 26    XL:     4   Next: 38%
Magic:  4/4        EV:  8    Int:  8    God:    Okawaru [......]
Gold:   143        SH:  9    Dex:  9    Spells: 3/3 levels left

rFire    . . .     SeeInvis .   a - +0 war axe
rCold    . . .     Gourm    .   c - +0 shield
rNeg     + . .     Faith    .   b - +0 scale mail
rPois    ∞         Spirit   .   (no helmet)
rElec    +         Reflect  .   (no cloak)
rCorr    .         Harm     .   h - +0 pair of gloves
MR       .....                  (no boots)
Stlth    ..........             (no amulet)
HPRegen  0.09/turn              (no ring)
MPRegen  0.09/turn              (no ring)

@: mighty
A: negative energy resistance 1, electricity resistance, unbreathing,
petrification resistance, rot immunity, AC +3
a: Renounce Religion


You were on level 3 of the Dungeon.
You worshipped Okawaru.
Okawaru was noncommittal.
You were hungry.

You visited 1 branch of the dungeon, and saw 3 of its levels.

You collected 143 gold pieces.

Inventory:

Hand Weapons
 a - a +0 war axe (weapon)
Armour
 b - a +0 scale mail (worn)
 c - a +0 shield (worn)
 h - a +0 pair of gloves (worn)
Scrolls
 g - 3 scrolls of teleportation {unknown}
 j - 3 scrolls of noise {unknown}
 k - a scroll of amnesia {unknown}
 n - a scroll of remove curse {unknown}
 o - 6 scrolls of identify {unknown}
 q - a scroll of fear {unknown}
Potions
 e - a potion of heal wounds {unknown}
 i - 2 potions of lignification {unknown}
 l - a potion of curing {unknown}
 m - a potion of invisibility {unknown}
 p - a potion of magic {unknown}
Comestibles
 f - 6 rations


   Skills:
 + Level 3.9 Fighting
 * Level 2.6 Axes
 + Level 3.7 Armour
 + Level 1.0 Dodging
 + Level 3.6 Shields


You had 3 spell levels left.
You didn't know any spells.
Your spell library was empty.

Dungeon Overview and Level Annotations

Branches:
Dungeon (3/15)

Altars:
Gozag
Nemelex Xobeh
Okawaru
Qazlal
Xom


Innate Abilities, Weirdness & Mutations

You are resistant to torment.
Your stone body is resilient. (AC +3)
You are immune to poison.
You resist negative energy. (rN+)
You are resistant to electric shocks. (rElec)
You can survive without breathing.
You are immune to petrification.
You are immune to rotting.


Message History

The bullfrog is almost dead.
The bullfrog hits you.
* * * LOW HITPOINT WARNING * * *
The bullfrog hits you but does no damage.
Your shield prevents you from hitting the bullfrog.
The bullfrog is almost dead.
You block the bullfrog's attack. x3
You closely miss the bullfrog.
The bullfrog is almost dead.
The bullfrog closely misses you.
The bullfrog hits you but does no damage.
You feel very mighty all of a sudden.
The bullfrog hits you but does no damage.
You closely miss the bullfrog.
The bullfrog is almost dead.
You block the bullfrog's attack. x2
You barely miss the bullfrog.
The bullfrog is almost dead.
The bullfrog hits you.
You die...

#.. .# #.. .. #... .#
#.... .. #....####.
#...!.... ........#
#..#F######
#.(.@....#
....####<...# ##
..##.####....###...
.................#
.......######.......#
....#...#####.......#
.....§..§§..........#
.....§.P..[.........#
.....P§§....#.......#


You could see a bullfrog.

Vanquished Creatures
  A worker ant zombie (D:3)
  An adder (D:2)
  3 oozes (D:1)
  3 dart slugs
  An orc (D:3)
  3 giant cockroaches
  4 goblins
  3 hobgoblins
  8 bats
  6 frilled lizards
  A giant cockroach zombie (D:3)
  5 kobolds
  3 rats
42 creatures vanquished.

Notes
Turn   | Place    | Note
-------+----------+-------------------------------------------
     0 | D:1      | PentaManta the Gargoyle Fighter began the quest for the
                  | Orb.
     0 | D:1      | Reached XP level 1. HP: 14/14 MP: 1/1
   149 | D:1      | Reached XP level 2. HP: 17/19 MP: 2/2
   323 | D:1      | Reached XP level 3. HP: 23/23 MP: 3/3
   794 | D:2      | Found an iron altar of Okawaru.
   810 | D:2      | Became a worshipper of Warmaster Okawaru
   910 | D:2      | Found a stormy altar of Qazlal.
  1036 | D:2      | Found a faded altar of an unknown god.
  1337 | D:3      | Found a shimmering altar of Xom.
  1344 | D:3      | Reached XP level 4. HP: 29/29 MP: 4/4
  1349 | D:3      | Reached skill level 1 in Dodging
  1350 | D:3      | Found a sparkling altar of Nemelex Xobeh.
  1358 | D:3      | Found an opulent altar of Gozag.
  1382 | D:3      | Noticed a bullfrog
  1399 | D:3      | Slain by a bullfrog

Skill      XL: |  1  2  3  4 |
---------------+-------------+-----
Axes           | 2 |  2.6
Dodging        | 1 |  1.0
Fighting       | |  3.9
Armour         | |  3.7
Shields        | |  3.6

Action                   |  1- 3 |  4- 6 || total
-------------------------+-------+-------++-------
Melee: War axe           |   106 |    39 ||   145
  Use: Potion            |       |     1 ||     1
  Eat: Chunk             |     1 |       ||     1
Armor: Scale mail        |    60 |    48 ||   108
Dodge: Dodged            |    49 |    22 ||    71
Block: Shield            |    54 |    38 ||    92
